 Dungeon Crawl Stone Soup version 0.23-a0-106-g63f3d0b (webtiles) character file.

2921 galech the Cleaver (level 9, -1/102 HPs)
             Began as a Demonspawn Berserker on Aug 20, 2018.
             Was a Priest of Trog.
             Killed by divine providence
             ... invoked by an orc priest
              (8 damage)
             ... on level 7 of the Dungeon.
             The game lasted 00:13:14 (7559 turns).

galech the Cleaver (Demonspawn Berserker)           Turns: 7559, Time: 00:13:14

Health: -1/102     AC: 22    Str: 22    XL:     9   Next: 50%
Magic:  18/18      EV:  6    Int:  8    God:    Trog [***...]
Gold:   266        SH: 10    Dex: 17    Spells: 8/8 levels left

rFire    + . .     SeeInvis .   a - +0 hand axe
rCold    . . .     Gourm    .   u - +0 shield
rNeg     . . .     Faith    .   w - +0 plate armour
rPois    .         Spirit   .   C - +0 helmet
rElec    .         Reflect  .   z - +0 cloak
rCorr    .         Harm     .   i - +1 pair of gloves
MR       ++...                  (no boots)
Stlth    ..........             (no amulet)
HPRegen  3.27/turn              h - ring of magical power
MPRegen  0.16/turn              o - ring of protection from fire

@: berserking (expiring), regenerating, drained, very quick
A: claws 1, iridescent scales 3, powered by death 2
a: Berserk, Trog's Hand, Renounce Religion


You were on level 7 of the Dungeon.
You worshipped Trog.
Trog was most pleased with you.
You were not hungry.

You visited 1 branch of the dungeon, and saw 7 of its levels.

You collected 266 gold pieces.

Inventory:

Hand Weapons
 a - a +0 hand axe (weapon)
Armour
 i - a +1 pair of gloves (worn)
 u - a +0 shield (worn)
 w - a +0 plate armour (worn)
 z - a +0 cloak (worn)
 C - a +0 helmet (worn)
Jewellery
 h - a ring of magical power (left hand)
 o - a ring of protection from fire (right hand)
 q - an uncursed amulet of faith
Wands
 e - a wand of polymorph (21)
 v - a wand of digging (10)
 y - a wand of random effects (28)
Scrolls
 b - 3 scrolls of amnesia {unknown}
 g - 4 scrolls of blinking
 j - a scroll of fear {unknown}
 k - 2 scrolls of random uselessness {unknown}
 l - a scroll of remove curse
 m - 3 scrolls of magic mapping {unknown}
 n - 2 scrolls of enchant armour {unknown}
 p - 4 scrolls of teleportation
 t - 4 scrolls of identify
 A - a scroll of immolation {unknown}
 B - a scroll of vulnerability {unknown}
 D - a scroll of fog {unknown}
Potions
 d - 2 potions of brilliance {unknown}
 f - 2 potions of curing
 r - 3 potions of flight {unknown}
 s - 2 potions of haste {unknown}
 x - a potion of lignification {unknown}
Comestibles
 c - 9 rations
 E - 3 chunks of flesh


   Skills:
 + Level 5.6(4.7) Fighting
 + Level 8.3(7.3) Axes
 + Level 5.3(4.4) Armour
 + Level 4.0(3.2) Dodging
 + Level 2.2(1.3) Stealth
 + Level 4.2(3.3) Shields
 + Level 0.4(0.0) Unarmed Combat


You had 8 spell levels left.
You didn't know any spells.
Your spell library was empty.

Dungeon Overview and Level Annotations

Branches:
Dungeon (7/15)             Temple (0/1) D:4

Altars:
Cheibriados
Dithmenos
Elyvilon
Gozag
Makhleb
Okawaru
Ru
Xom
Yredelemnul


Innate Abilities, Weirdness & Mutations

You have sharp fingernails.
You are completely covered in iridescent scales. (AC +6)
You regenerate health from kills.


Message History

Your shield and plate armour prevent you from hitting the orc priest.
You barely miss the orc priest. You block the orc priest's attack.
You hit the orc priest.
The orc priest is moderately wounded.
You block the orc priest's attack.
You slash the orc priest!
The orc priest is almost dead.
The orc priest mumbles some strange prayers to Beogh against you.
Beogh smites you!
* * * LOW HITPOINT WARNING * * *
The orc priest hits you but does no damage.
You slash the orc priest!
You kill the orc priest!
Trog accepts your kill.
The orc priest hits you with a falchion.
* * * LOW HITPOINT WARNING * * *
Your shield and plate armour prevent you from hitting the orc priest.
The orc priest mumbles some strange prayers to Beogh against you.
Beogh smites you!
You die...

##### #..####.## # #...#
#.......# ..# #...#
#.#####.###....#
###...#### #.# #......#
.........###.# ###.##.#
.............# .#
.).......##### .#
.)........##########o##.
#.#..)###......)@oooo...
#.#.<.# ############....
...).## ## # ######


You could see an orc warrior, an orc priest and 3 orcs.

Vanquished Creatures
  Pikel (D:5)
  Grinder (D:4)
  A sky beast (D:5)
  2 black bears
  2 orc warriors (D:7)
  2 slaves (D:5)
  3 phantoms
  A centaur (D:5)
  An ogre (D:6)
  A bullfrog (D:6)
  3 scorpions
  A howler monkey (D:4)
  5 wights (D:7)
  2 crimson imps
  A hound (D:5)
  A gnoll shaman (D:6)
  Crazy Yiuf (D:4)
  2 orc priests (D:7)
  3 orc wizards
  A centaur skeleton (D:4)
  Ijyb (D:4)
  Natasha (thrice) (D:3)
  5 worker ants
  A hound skeleton (D:5)
  A hound zombie (D:6)
  10 adders
  13 gnolls
  An ooze (D:1)
  2 adder skeletons
  5 worms
  A dart slug (D:3)
  3 leopard geckos
  20 orcs
  4 bats (D:1)
  3 giant cockroaches
  9 goblins
  6 hobgoblins
  14 jackals
  2 quokkas (D:3)
  A ball python (D:3)
  3 frilled lizards
  8 kobolds
  6 rats
  A bush (D:1)
158 creatures vanquished.

Notes
Turn   | Place    | Note
-------+----------+-------------------------------------------
     0 | D:1      | galech the Demonspawn Berserker began the quest for the Orb.
     0 | D:1      | Reached XP level 1. HP: 18/18 MP: 1/1
   195 | D:1      | Gained mutation: You are partially covered in iridescent scales. (AC +2) [demonic ancestry]
   195 | D:1      | Reached XP level 2. HP: 17/24 MP: 2/2
   197 | D:1      | Reached skill level 3 in Axes
   650 | D:1      | Reached XP level 3. HP: 29/29 MP: 3/3
  1728 | D:2      | Found an opulent altar of Gozag.
  1755 | D:2      | Gained mutation: You regenerate a little health from kills. [demonic ancestry]
  1755 | D:2      | Reached XP level 4. HP: 20/35 MP: 4/4
  2073 | D:2      | Found a white marble altar of Elyvilon.
  2082 | D:2      | Found a basalt altar of Yredelemnul.
  2095 | D:2      | Found a shadowy altar of Dithmenos.
  2206 | D:3      | Reached ** piety under Trog
  2572 | D:3      | Found a snail-covered altar of Cheibriados.
  2712 | D:3      | Found an iron altar of Okawaru.
  2719 | D:3      | Reached skill level 4 in Axes
  2766 | D:3      | Noticed Natasha
  2772 | D:3      | Killed Natasha
  2772 | D:3      | Gained mutation: You have sharp fingernails. [demonic ancestry]
  2772 | D:3      | Reached XP level 5. HP: 42/42 MP: 5/5
  2882 | D:3      | Found an opulent altar of Gozag.
  2987 | D:3      | Noticed Natasha
  3000 | D:3      | Killed Natasha
  3030 | D:3      | Found a shimmering altar of Xom.
  3163 | D:3      | Noticed Natasha
  3178 | D:3      | Killed Natasha
  3329 | D:4      | Noticed a phantom
  3338 | D:4      | Noticed Ijyb
  3350 | D:4      | Gained mutation: You regenerate health from kills. [demonic ancestry]
  3350 | D:4      | Reached XP level 6. HP: 43/48 MP: 6/6
  3379 | D:4      | Killed Ijyb
  3379 | D:4      | Reached skill level 5 in Axes
  4202 | D:3      | Reached skill level 1 in Stealth
  4202 | D:3      | Reached XP level 7. HP: 30/54 MP: 7/7
  4276 | D:4      | Reached skill level 1 in Shields
  4369 | D:4      | Found a staircase to the Ecumenical Temple.
  4805 | D:4      | Found a runed door.
  4809 | D:4      | Noticed Crazy Yiuf
  4817 | D:4      | Killed Crazy Yiuf
  5003 | D:4      | Reached *** piety under Trog
  5093 | D:4      | Noticed Grinder
  5100 | D:4      | Paralysed by Grinder for 4 turns
  5107 | D:4      | Killed Grinder
  5107 | D:4      | Reached skill level 6 in Axes
  5107 | D:4      | Gained mutation: You are mostly covered in iridescent scales. (AC +4) [demonic ancestry]
  5107 | D:4      | Reached XP level 8. HP: 61/61 MP: 8/8
  5143 | D:5      | Entered Level 5 of the Dungeon
  5605 | D:5      | Noticed Pikel
  5622 | D:5      | Killed Pikel
  5622 | D:5      | Reached skill level 5 in Fighting
  5622 | D:5      | Reached skill level 7 in Axes
  6055 | D:6      | Gained mutation: You are completely covered in iridescent scales. (AC +6) [demonic ancestry]
  6055 | D:6      | Reached XP level 9. HP: 48/68 MP: 9/9
  6426 | D:6      | Found a sacrificial altar of Ru.
  6632 | D:6      | Found a burning altar of Makhleb.
  6632 | D:6      | Noticed an Executioner
  6642 | D:6      | Reached skill level 8 in Axes
  7123 | D:7      | Reached skill level 5 in Armour
  7556 | D:7      | HP: 4/102 [orc priest/divine providence (12)]
  7559 | D:7      | Killed from afar by an orc priest

Vault maps used:
D:1:      kennysheep_arrival_seaside, serial_forest,
          infiniplex_forest_clump_diagonal, infiniplex_forest_clump_small,
          infiniplex_forest_lined_3_way, infiniplex_forest_lined_ring,
          infiniplex_forest_lined_ring, infiniplex_forest_clump_curved,
          infiniplex_forest_corner_1, hex_large
D:2:      nicolae_overflow_quartered_altars, first_ration
D:3:      cheibriados_altar_1, okawaru_altar_gauntlet_db, marbit_many_paths,
          minmay_misc_feat_ornament, nicolae_gozag_seed_capital, uniq_natasha
D:4:      minmay_temple_entry_hall, uniq_grinder, uniq_ijyb,
          uniq_crazy_yiuf_cottage
D:5:      uniq_pikel
D:6:      makhleb_altar_promises_db, nicolae_ru_awakened_eye
D:7:      grunt_livestock

Skill      XL: |  1  2  3  4  5  6  7  8  9 |
---------------+----------------------------+-----
Axes           | 3 4 5 6 7 8 |  8.3
Armour         | 2 3 4 5 |  5.3
Dodging        | 2 3 4 |  4.0
Fighting       | 4 5 |  5.6
Stealth        | 1 2 |  2.2
Shields        | 1 3 4 |  4.2
Unarmed Combat | |  0.4

Action                   |  1- 3 |  4- 6 |  7- 9 || total
-------------------------+-------+-------+-------++-------
Melee: Hand axe          |   292 |   247 |   492 ||  1031
       Unarmed           |       |    20 |       ||    20
Invok: Berserk           |     3 |     3 |     9 ||    15
       Trog's Hand       |       |     2 |     2 ||     4
  Use: Potion            |       |     1 |       ||     1
       Scroll            |       |       |     6 ||     6
 Stab: Sleeping          |       |       |     1 ||     1
  Eat: Chunk             |     5 |     4 |    16 ||    25
       Ration            |       |     2 |     2 ||     4
Armor: Ring mail         |    79 |   103 |   125 ||   307
       Skin              |       |     5 |       ||     5
       Plate armour      |       |       |   194 ||   194
Dodge: Dodged            |   114 |   118 |   145 ||   377
Block: Shield            |       |    63 |   215 ||   278

Table legend:
 A = Non-vault XP
 B = Vault XP
 C = Vault XP percentage of total XP
 D = Non-vault monster count
 E = Vault monster count
 F = Vault count percentage of total count
                 A         B        C        D         E       F
            +---------+---------+-------+---------+---------+-------
      Total |    3100 |    1074 |  25.7 |     143 |      12 |   7.7
            +---------+---------+-------+---------+---------+-------
        D:1 |      53 |       0 |   0.0 |      27 |       0 |   0.0
        D:2 |      53 |       0 |   0.0 |      11 |       0 |   0.0
        D:3 |     386 |      62 |  13.8 |      26 |       8 |  23.5
        D:4 |     610 |     349 |  36.4 |      25 |       3 |  10.7
        D:5 |     621 |     663 |  51.6 |      18 |       1 |   5.3
        D:6 |     560 |       0 |   0.0 |      16 |       0 |   0.0
        D:7 |     817 |       0 |   0.0 |      20 |       0 |   0.0
            +---------+---------+-------+---------+---------+-------
